 Dungeon Crawl Stone Soup version 0.27.0-1-g7a089689b8 (webtiles) character file.

Game seed: 3284311128646597002

75842 sanka the Transmogrifier (level 15, -2/115 HPs)
             Began as a Human Delver on Aug 8, 2021.
             Was a High Priest of Okawaru.
             Slain by a warg (3 damage)
             ... on level 1 of the Orcish Mines.
             The game lasted 01:02:33 (23766 turns).

sanka the Transmogrifier (Human Delver)            Turns: 23766, Time: 01:02:34

Health: -2/115     AC: 24    Str: 18    XL:     15   Next: 99%
Magic:  21/24      EV: 20    Int: 15    God:    Okawaru [*****.]
Gold:   1248       SH:  0    Dex: 15    Spells: 3/26 levels left

rFire    . . .     SeeInvis .     - Unarmed
rCold    . . .     Faith    .   (shield currently unavailable)
rNeg     . . .     Spirit   .   z - +6 ring mail of an ossuary {Str+4}
rPois    +         Reflect  .   A - +2 helmet
rElec    .         Harm     .   G - +2 cloak {rPois}
rCorr    .         Rampage  +   (gloves currently unavailable)
Will     +....                  s - +2 pair of boots {rampage}
Stlth    ++........             Q - amulet of regeneration
HPRegen  1.29/turn              T - +4 ring of protection
MPRegen  0.19/turn              r - +4 ring of evasion

@: blade hands
A: no striking features
a: End Transformation, Renounce Religion, Heroism, Finesse


You were on level 1 of the Orcish Mines.
You worshipped Okawaru.
Okawaru was extremely pleased with you.
You had blades for hands.
You visited 4 branches of the dungeon, and saw 21 of its levels.

You collected 2802 gold pieces.
You spent 1554 gold pieces at shops.


   Skills:
 - Level 10.0 Fighting
 - Level 2.0 Armour
 - Level 12.0 Dodging
 - Level 5.0 Stealth
 - Level 12.0 Unarmed Combat
 + Level 6.2 Spellcasting
 + Level 12.8 Transmutations
 - Level 12.0 Air Magic
 - Level 4.0 Invocations


You had 3 spell levels left.
You knew the following spells:

 Your Spells              Type           Power      Damage    Failure   Level
x - Ice Form              Ice/Tmut       23%        N/A       61%         4
y - Storm Form            Tmut/Air       21%        N/A       97%         7
z - Blade Hands           Tmut           21%        N/A       28%         5
X - Dragon Form           Tmut           21%        N/A       96%         7

Your spell library contained the following spells:

 Spells                   Type           Power      Damage    Failure   Level
 Corpse Rot               Necr/Air       N/A        N/A       26%         2
 Static Discharge         Conj/Air       22%        N/A       26%         2
 Ignite Poison            Fire/Tmut/Pois 17%        N/A       52%         3
 Blink                    Tloc           N/A        N/A       78%         2
 Conjure Flame            Conj/Fire      4%         6-21      91%         3
 Frozen Ramparts          Ice            8%         1d2       91%         3
 Lesser Beckoning         Tloc           2%         N/A       91%         3
 Portal Projectile        Hex/Tloc       8%         N/A       91%         3
 Stone Arrow              Conj/Erth      8%         3d7       91%         3
 Irradiate                Conj/Tmut      11%        3d17      85%         5
 Lightning Bolt           Conj/Air       11%        1d24      87%         5
 Freezing Cloud           Conj/Ice/Air   8%         6-21      98%         5
 Dispel Undead            Necr           4%         3d7       99%         4
 Sticky Flame             Conj/Fire      4%         2d3       99%         4
 Summon Ice Beast         Ice/Summ       4%         N/A       99%         4
 Bolt of Magma            Conj/Fire/Erth 2%         4d4       100%        5
 Excruciating Wounds      Necr           2%         N/A       100%        5
 Manifold Assault         Tloc           4%         N/A       100%        5
 Death Channel            Necr           2%         N/A       100%        6
 Simulacrum               Ice/Necr       2%         N/A       100%        6
 Maxwell's Capacitive Co  Air            20%        ∞         100%        8
 Chain Lightning          Conj/Air       11%        3d14      100%        9
 Fire Storm               Conj/Fire      2%         8d1       100%        9
 Polar Vortex             Ice            2%         N/A       100%        9
 Shatter                  Erth           2%         3d6*      100%        9

Inventory:

Hand Weapons
 b - a +2 hand axe of electrocution
Missiles
 n - 42 poisoned darts
 M - a throwing net {=f}
Armour
 a - a +2 pair of gloves of strength (melded)
 s - a +2 pair of boots of rampaging (worn)
 z - the +6 ring mail of an ossuary (worn) {Str+4}

   Str:       It affects your strength (+4).
 A - a +2 helmet (worn)
 G - a +2 cloak of poison resistance (worn)
 J - a +1 robe of fire resistance
Jewellery
 r - a +4 ring of evasion (right blade hand)
 Q - an amulet of regeneration (around neck)
 T - a +4 ring of protection (left blade hand)
 U - a ring of resist corrosion
Wands
 f - a wand of digging (10)
 u - a wand of mindburst (46)
 B - a wand of iceblast (13)
 I - a wand of polymorph (8)
 S - a wand of acid (10)
Scrolls
 c - 7 scrolls of magic mapping
 d - 4 scrolls of fear
 k - 2 scrolls of summoning
 m - 13 scrolls of teleportation {@r4}
 o - 4 scrolls of vulnerability {!r}
 p - a scroll of holy word
 v - 3 scrolls of immolation {!r}
 y - 2 scrolls of silence {!r}
 C - a scroll of identify {@r1}
 E - 3 scrolls of fog
 F - 2 scrolls of amnesia
Potions
 e - 5 potions of haste {@q3}
 g - 4 potions of attraction {unknown}
 h - a potion of resistance {unknown}
 i - 2 potions of mutation {unknown}
 t - 5 potions of curing {@q1}
 w - 3 potions of heal wounds {@q2}
 x - 2 potions of might
 D - 2 potions of brilliance {unknown}
 H - 2 potions of berserk rage {unknown}
 L - 3 potions of flight {unknown}
 N - 2 potions of lignification {!q}
 O - a potion of cancellation
 P - 4 potions of ambrosia
 R - 2 potions of magic {unknown}
 W - a potion of degeneration {unknown}

Dungeon Overview and Level Annotations

Branches:
Dungeon (12/15)            Temple (1/1) D:5            Lair (6/6) D:9
 Shoals (0/4) Lair:3        Snake (0/4) Lair:3        Slime (0/5) Lair:6
    Orc (2/2) D:12
    Elf: Orc:2

Altars:
Ashenzari
Cheibriados
Dithmenos
Elyvilon
Fedhas
Gozag
Hepliaklqana
Kikubaaqudgha
Makhleb
Nemelex Xobeh
Okawaru
Qazlal
Ru
Sif Muna
Trog
Uskayaw
Vehumet
Wu Jian
Xom
Yredelemnul
Zin
The Shining One
Beogh

Shops:
D:5 !   D:9 [   D:10 *(* Orc:2

[ ▒▒....▒▒▒.......▒▒..▒.
▒▒▒..▒.............▒.
▒.▒........▒.....▒▒
▒▒▒.....▒..▒....▒▒▒
▒▒▒▒....▒▒........▒.
▒▒▒▒...▒............▒..
▒▒.▒....▒▒..............
▒.....h)o.▒▒............
▒▒...oopO.>.............
▒▒▒....▒▒▒o..............▒
▒▒.▒....▒ ▒......▒▒.....▒.▒
▒.......▒▒▒.....▒▒▒........
▒▒.▒...▒.▒▒......▒....▒▒▒.▒
▒▒▒▒....▒.......▒.....▒▒▒▒
▒.................▒▒
▒▒▒.............▒▒▒
▒▒...▒▒▒▒....▒▒


You could see a warg, 2 orc warriors, an ogre, an orc priest (strong) and an orc
(strong).


Message History

The orc warrior hits you with a +0 battleaxe.
The orc warrior closely misses you.
You climb upwards.
There is a stone staircase leading down, spattered with blood here.
Things that are here:
a +0 leather armour; a +0 falchion Your ring mail of an ossuary prevents you from hitting the orc knight.
The orc knight is lightly wounded.
The warg completely misses you. The ogre misses you.
The orc priest hits you with a +1 morningstar of protection!
The orc warrior barely misses you.
The orc knight hits you with a +0 long sword!!
* * * LOW HITPOINT WARNING * * *
You slice the orc knight!!
The orc knight is heavily wounded.
The orc warrior hits you with a +0 hand axe.
* * * LOW HITPOINT WARNING * * *
The warg completely misses you.
The orc priest hits you with a +1 morningstar of protection!
* * * LOW HITPOINT WARNING * * *
Unknown command.
You shred the orc knight!!!
You kill the orc knight!
Okawaru accepts your kill. The ogre completely misses you.
The orc warrior hits you with a +0 battleaxe!
* * * LOW HITPOINT WARNING * * *
The warg bites you.
You die...

Action                   |  1- 3 |  4- 6 |  7- 9 | 10-12 | 13-15 || total
-------------------------+-------+-------+-------+-------+-------++-------
Melee: Unarmed           |    88 |   194 |     4 |   263 |   980 ||  1529
       Punch             |     3 |     5 |    12 |    17 |    61 ||    98
       Hand axe          |       |    32 |   283 |   149 |       ||   464
Throw: Dart              |       |    14 |     9 |    12 |       ||    35
 Cast: Blade Hands       |       |       |       |    32 |    91 ||   123
Invok: Heroism           |       |       |     6 |    21 |    20 ||    47
       Finesse           |       |       |       |       |     3 ||     3
 Abil: End Transformatio |       |       |       |       |     2 ||     2
Evoke: Wand              |       |       |       |     1 |     4 ||     5
  Use: Potion            |       |       |     3 |     2 |     1 ||     6
       Scroll            |       |       |     8 |     7 |     7 ||    22
 Stab: Sleeping          |     2 |     5 |       |     3 |     1 ||    11
       Distracted        |       |       |       |     2 |     2 ||     4
       Petrifying        |       |       |       |       |     1 ||     1
       Petrified         |       |       |       |       |     1 ||     1
Armor: Scale mail        |    38 |    94 |   110 |    39 |       ||   281
       Robe              |       |       |       |     4 |       ||     4
       Skin              |       |       |       |     9 |    23 ||    32
       Ring mail         |       |       |       |    28 |   377 ||   405
Dodge: Dodged            |    38 |    97 |   329 |   312 |  1035 ||  1811

Levels and vault maps discovered:
D:1:      amcnicky_arrival_gap_in_the_tavern_cellar, layout_loops_cross,
          st_stairs_8
D:2:      layout_basic, minivault_19, minmay_misc_feat_columns
D:3:      layout_basic, gammafunk_temple_overflow_statue,
          minmay_misc_feat_rugged, minmay_fractal_squares_gapless_5
D:4:      layout_loops_ring, fedhas_altar_decomposition,
          gammafunk_temple_overflow_claw, chequers_serial_rivers_marsh
D:5:      layout_gridville, minmay_temple_entry_large_hall, serial_shops, shop,
          grunt_decor_fettered
D:6:      layout_loops_ring
D:7:      minmay_blocky_corners, layout_basic,
          riverfiend_overflow_shadow_ancestor, serial_curves, eino_curves_04,
          eino_curves_03, nicolae_ossuary_entry_giza, uniq_joseph
D:8:      layout_loops_cross, gammafunk_ghost_hive, uniq_psyche, uniq_maurice,
          uniq_prince_ribbit1
D:9:      layout_rooms, dpeg_lair_monsters, serial_shops, kennysheep_mini_moat
D:10:     layout_loops_corners, serial_shops, nicolae_shop_behind_doors,
          kennysheep_little_box, nicolae_stop_n_shop_1,
          chequers_serial_rivers_large_a, minmay_misc_feat_ornament
D:11:     cheibrodos_wizards_tower, layout_irregular_city, uniq_grum
D:12:     layout_basic, minmay_orc_entry_temple_small, uniq_azrael
Temple:   jpeg_temple_clearing
Lair:1:   beast_lair_carwin_large_4, layout_loops_ring,
          infiniplex_staircase_pool, minmay_lair_oklob_chamber,
          grunt_megastairs_5
Lair:2:   layout_big_grid, grunt_forest_large_clearings
Lair:3:   layout_roguey, minmay_shoals_entry_lonely_mermaid,
          minmay_snake_entry_guardpost_small, gammafunk_ghost_berserking_beasts
Lair:4:   layout_cave_pods, roderic_carrion_pond
Lair:5:   layout_regular_city, serial_bayou_shore_b
Lair:6:   hangedman_lair_caniforms_friends, layout_regular_city,
          hangedman_lair_in_review, slime_dummy, st_stairs_12,
          chequers_serial_rivers_micro_d
Orc:1:    layout_diamond_mine, minmay_orc_temple_a
Orc:2:    grunt_orc_gardens, layout_diamond_mine, grunt_orc_garden,
          grunt_orc_garden, grunt_orc_garden, grunt_orc_garden, mines2_lemuel

Notes
Turn   | Place    | Note
-------+----------+-------------------------------------------
     0 | D:5      | sanka the Human Delver began the quest for the Orb.
     0 | D:5      | Reached XP level 1. HP: 18/18 MP: 1/1
    43 | D:5      | Noticed an orc priest
    88 | D:4      | Noticed an ogre
   121 | D:4      | Identified the +4 scale mail of Follow the Leader {rElec
                  | rF+ Int-5 Dex+4}
   208 | D:3      | Found a basalt altar of Yredelemnul.
   209 | D:3      | Found a glowing silver altar of Zin.
   322 | D:2      | Reached XP level 2. HP: 21/24 MP: 2/2
   447 | D:2      | Reached skill level 3 in Unarmed Combat
   618 | D:2      | Reached XP level 3. HP: 26/29 MP: 3/3
  1168 | D:2      | Reached skill level 4 in Unarmed Combat
  1168 | D:2      | Reached XP level 4. HP: 24/35 MP: 4/4
  2711 | D:3      | Reached XP level 5. HP: 31/41 MP: 5/5
  2917 | D:3      | Reached skill level 5 in Unarmed Combat
  4256 | D:4      | Found an ornate altar of the Wu Jian Council.
  4256 | D:4      | Found a broken altar of Ashenzari.
  4256 | D:4      | Found a sparkling altar of Nemelex Xobeh.
  4398 | D:4      | Reached XP level 6. HP: 22/47 MP: 6/6
  5050 | D:3      | Reached skill level 6 in Unarmed Combat
  5354 | D:4      | Found a blossoming altar of Fedhas.
  5490 | D:4      | Noticed a necrophage
  5490 | D:4      | Noticed a necrophage
  5491 | D:4      | Noticed a necrophage
  5491 | D:4      | Noticed a necrophage
  5553 | D:3      | Killed a necrophage
  5554 | D:3      | Reached skill level 3 in Dodging
  5675 | D:4      | Killed a necrophage
  5676 | D:4      | Reached skill level 4 in Dodging
  5676 | D:4      | Reached XP level 7. HP: 52/52 MP: 7/7
  5695 | D:4      | Reached skill level 5 in Dodging
  6043 | D:5      | Reached skill level 6 in Dodging
  6043 | D:5      | Reached XP level 8. HP: 49/58 MP: 8/8
  6225 | D:5      | Found Peisol's Distillery.
  6234 | D:5      | Bought a potion of heal wounds for 75 gold pieces
  6234 | D:5      | Bought a potion of might for 60 gold pieces
  6350 | D:5      | Found a staircase to the Ecumenical Temple.
  6365 | Temple   | Entered the Ecumenical Temple
  6437 | Temple   | Became a worshipper of Warmaster Okawaru
  6491 | D:5      | Reached skill level 7 in Dodging
  7001 | D:6      | Reached skill level 8 in Dodging
  7403 | D:6      | Learned a level 5 spell: Blade Hands
  7437 | D:7      | Noticed Joseph
  7512 | D:7      | Reached * piety under Okawaru
  7513 | D:7      | Reached skill level 4 in Fighting
  7532 | D:7      | Reached skill level 1 in Invocations
  7834 | D:7      | Reached XP level 9. HP: 57/66 MP: 8/10
  7841 | D:7      | Reached skill level 2 in Invocations
  7990 | D:6      | Killed Joseph
  7991 | D:6      | Reached skill level 4 in Invocations
  7991 | D:6      | Reached skill level 1 in Spellcasting
  7991 | D:6      | Reached skill level 1 in Transmutations
  8301 | D:7      | Reached skill level 2 in Transmutations
  8322 | D:7      | Reached skill level 2 in Spellcasting
  8507 | D:7      | Reached skill level 3 in Transmutations
  8668 | D:7      | Reached skill level 4 in Transmutations
  8673 | D:7      | Reached ** piety under Okawaru
  9159 | D:7      | Found a hazy altar of Hepliaklqana.
  9160 | D:7      | Found a shadowy altar of Dithmenos.
  9311 | D:7      | Noticed a two-headed ogre
  9311 | D:7      | Noticed a slime creature
  9333 | D:7      | Killed an unseen horror
  9334 | D:7      | Reached skill level 5 in Transmutations
  9401 | D:8      | Reached skill level 6 in Transmutations
  9401 | D:8      | Reached XP level 10. HP: 73/73 MP: 13/13
  9407 | D:8      | Noticed Prince Ribbit
  9477 | D:8      | Noticed Maurice
  9482 | D:8      | Paralysed by Maurice for 2 turns
  9487 | D:8      | Paralysed by Maurice for 7 turns
  9518 | D:8      | Killed Maurice
  9519 | D:8      | Reached skill level 7 in Transmutations
  9583 | D:8      | Found a transporter.
  9747 | D:8      | Killed Prince Ribbit
  9823 | D:8      | Reached skill level 8 in Transmutations
  9885 | D:8      | Noticed Psyche
  9892 | D:8      | Killed Psyche
 10069 | D:8      | Noticed skAll's ghost (novice DsMo)
 10287 | D:9      | Found a staircase to the Lair.
 10287 | D:9      | Noticed a death yak
 10288 | D:9      | Noticed a death yak
 10313 | D:9      | Identified the +3 falchion "Qehoh" {vorpal, rPois}
 10483 | D:9      | Reached skill level 9 in Transmutations
 10526 | D:9      | Noticed a death yak
 10748 | D:9      | Noticed a two-headed ogre
 10759 | D:9      | Found Bausauk's Armour Emporium.
 10892 | D:10     | Entered Level 10 of the Dungeon
 11142 | D:10     | Found Gomp's Antique Weapon Shop.
 11421 | D:10     | Found Atuipil's Assorted Antiques.
 11456 | D:10     | Found Yfuupt Rafyl's Assorted Antiques.
 11541 | D:10     | Noticed a gargoyle
 11553 | D:10     | Killed a gargoyle
 11553 | D:10     | Reached *** piety under Okawaru
 11554 | D:10     | Reached skill level 10 in Transmutations
 11585 | D:10     | Identified +0 acid dragon scales
 11819 | D:10     | Identified a scroll of acquirement
 11820 | D:10     | Acquired 1094 gold pieces
 11901 | D:9      | Bought a +1 pair of gloves of strength for 280 gold pieces
 11901 | D:9      | Bought the +6 ring mail of an ossuary {Str+4} for 839 gold
                  | pieces
 11989 | D:8      | Killed a death yak
 11990 | D:8      | Reached skill level 1 in Armour
 11990 | D:8      | Reached XP level 11. HP: 78/78 MP: 7/15
 11996 | D:9      | Killed a death yak
 11997 | D:9      | Reached skill level 2 in Armour
 11997 | D:9      | Reached skill level 3 in Spellcasting
 12006 | D:9      | Killed a death yak
 12006 | D:9      | Reached **** piety under Okawaru
 12007 | D:9      | Reached skill level 4 in Spellcasting
 12007 | D:9      | Reached skill level 11 in Transmutations
 12233 | D:5      | Bought a potion of lignification for 45 gold pieces
 12233 | D:5      | Bought a potion of lignification for 45 gold pieces
 12233 | D:5      | Bought a potion of cancellation for 120 gold pieces
 12233 | D:5      | Bought a potion of curing for 45 gold pieces
 12233 | D:5      | Bought a potion of curing for 45 gold pieces
 12331 | D:9      | Killed a two-headed ogre
 12414 | D:8      | Found a transporter.
 12502 | D:8      | Killed skAll's ghost
 13025 | D:11     | Noticed Grum
 13042 | D:11     | Killed Grum
 13043 | D:11     | Reached skill level 12 in Transmutations
 13135 | D:11     | Noticed a two-headed ogre
 13151 | D:11     | Killed a two-headed ogre
 13152 | D:11     | Reached skill level 7 in Unarmed Combat
 13303 | D:11     | Noticed a boulder beetle
 13314 | D:11     | Killed a boulder beetle
 13314 | D:11     | Reached ***** piety under Okawaru
 13315 | D:11     | Reached skill level 8 in Unarmed Combat
 13393 | D:11     | Noticed a two-headed ogre
 13399 | D:11     | Killed a two-headed ogre
 13399 | D:11     | Noticed a wizard
 13400 | D:11     | Reached XP level 12. HP: 84/84 MP: 10/18
 13414 | D:11     | Reached skill level 9 in Unarmed Combat
 13856 | Lair:1   | Entered Level 1 of the Lair of Beasts
 14032 | Lair:1   | Reached skill level 10 in Unarmed Combat
 14049 | Lair:1   | Reached skill level 5 in Fighting
 14057 | Lair:1   | Identified the +8 longbow "Feaf" {freeze, rCorr} (Okawaru
                  | gifted it to you on level 1 of the Lair of Beasts)
 14057 | Lair:1   | Received a gift from Okawaru
 14120 | Lair:1   | Learned a level 7 spell: Storm Form
 14735 | Lair:1   | Reached skill level 6 in Fighting
 14773 | Lair:1   | Noticed a four-headed hydra
 14787 | Lair:1   | Identified the +5 quick blade of Wondrous Power {venom,
                  | *Corrode rPois Will+++ Str-3} (Okawaru gifted it to you on
                  | level 1 of the Lair of Beasts)
 14787 | Lair:1   | Received a gift from Okawaru
 14788 | Lair:1   | Reached skill level 9 in Dodging
 14792 | Lair:1   | Killed a four-headed hydra
 15378 | Lair:2   | Reached skill level 11 in Unarmed Combat
 15378 | Lair:2   | Reached XP level 13. HP: 95/95 MP: 14/19
 15622 | Lair:2   | Reached skill level 7 in Fighting
 15761 | Lair:2   | Noticed a seven-headed hydra
 15784 | Lair:2   | Killed a seven-headed hydra
 15908 | Lair:2   | Reached skill level 10 in Dodging
 16341 | Lair:3   | Noticed a catoblepas
 16344 | Lair:3   | Found a transporter.
 16394 | Lair:3   | Reached skill level 8 in Fighting
 16486 | Lair:3   | Found a staircase to the Shoals.
 16500 | Lair:3   | Reached ****** piety under Okawaru
 16549 | Lair:3   | Received a gift from Okawaru
 16614 | Lair:3   | Found a staircase to the Snake Pit.
 16701 | Lair:3   | Noticed a four-headed hydra
 16718 | Lair:3   | Killed a four-headed hydra
 16814 | Lair:3   | Reached skill level 12 in Unarmed Combat
 17241 | Lair:3   | Found a transporter.
 17244 | Lair:3   | Noticed a six-headed hydra
 17261 | Lair:3   | Noticed Irhican's ghost (journeyman MiBe)
 17366 | Lair:4   | Reached skill level 9 in Fighting
 17511 | Lair:4   | Reached skill level 11 in Dodging
 17869 | Lair:5   | Reached XP level 14. HP: 108/108 MP: 15/20
 19189 | Lair:6   | Entered Level 6 of the Lair of Beasts
 19203 | Lair:6   | Reached skill level 10 in Fighting
 19237 | Lair:6   | Found a staircase to the Slime Pits.
 19340 | Lair:6   | Reached skill level 12 in Dodging
 19344 | Lair:6   | Reached skill level 1 in Air Magic
 19352 | Lair:6   | Reached skill level 2 in Air Magic
 19398 | Lair:6   | Reached skill level 3 in Air Magic
 19498 | Lair:6   | Reached skill level 4 in Air Magic
 19501 | Lair:6   | Identified the +3 hand crossbow of Toscheon {flame, Will+
                  | rCorr Str-2} (Okawaru gifted it to you on level 6 of the
                  | Lair of Beasts)
 19501 | Lair:6   | Received a gift from Okawaru
 19567 | Lair:6   | Reached skill level 5 in Air Magic
 19652 | Lair:6   | Reached skill level 6 in Air Magic
 19777 | Lair:6   | Reached skill level 7 in Air Magic
 20016 | Lair:6   | Reached skill level 8 in Air Magic
 20078 | Lair:6   | Identified the +1 arbalest of Itahurodd {venom, Will+}
                  | (Okawaru gifted it to you on level 6 of the Lair of Beasts)
 20078 | Lair:6   | Received a gift from Okawaru
 20217 | Lair:6   | Reached skill level 9 in Air Magic
 20246 | Lair:6   | Reached XP level 15. HP: 49/115 MP: 10/21
 20434 | Lair:6   | Received a gift from Okawaru
 20435 | Lair:6   | Reached skill level 10 in Air Magic
 20669 | Lair:6   | Reached skill level 11 in Air Magic
 20850 | Lair:6   | Reached skill level 12 in Air Magic
 20882 | Lair:6   | Identified the +4 hand axe of Darkness {venom, Will++
                  | Str+4}
 21196 | Lair:6   | Learned a level 7 spell: Dragon Form
 21199 | Lair:6   | Identified the +0 hat "Ecoaskud" {rN+ Str+6 Int+4} (Okawaru
                  | gifted it to you on level 6 of the Lair of Beasts)
 21199 | Lair:6   | Received a gift from Okawaru
 21542 | Lair:1   | Identified the ring of Wonisan {Will+ Int+3}
 21884 | Lair:3   | Killed Irhican's ghost
 21885 | Lair:3   | Reached skill level 5 in Spellcasting
 21890 | Lair:3   | Identified the +2 pair of boots of the Okapi {*Slow rCorr
                  | Int+3}
 22371 | D:12     | Learned a level 4 spell: Ice Form
 22564 | D:12     | Found a staircase to the Orcish Mines.
 22566 | D:12     | Noticed Azrael
 22585 | D:12     | Killed Azrael
 22961 | D:12     | Reached skill level 6 in Spellcasting
 23060 | Orc:1    | Entered Level 1 of the Orcish Mines
 23679 | Orc:2    | Entered Level 2 of the Orcish Mines
 23679 | Orc:2    | Found Kaasah's Antique Armour Shop.
 23765 | Orc:1    | HP: 11/115 [orc priest (13)]
 23766 | Orc:1    | HP: 1/115 [orc warrior (10)]
 23766 | Orc:1    | Slain by a warg

Vanquished Creatures
  2 dire elephants (Lair:6)
  Azrael (D:12)
  The ghost of Irhican the Severer, a journeyman MiBe of Trog (Lair:3)
  4 catoblepae
  A boulder beetle (D:11)
  6 hydras
  10 death yaks
  4 two-headed ogres
  The ghost of skAll the Cudgeller, a novice DsMo of Okawaru (D:8)
  A fire crab (Lair:6)
  A lindwurm (Lair:6)
  A wizard (D:11)
  2 orc knights
  4 oklob plants (Lair:1)
  A wolf spider (Lair:6)
  4 manticores
  A cyclops (D:12)
  A moth of wrath (Lair:3)
  A merfolk siren (Lair:3)
  12 elephants (Lair:6)
  8 cane toads
  Maurice (D:8)
  14 black mambas
  Joseph (D:6)
  A gargoyle (D:10)
  17 komodo dragons
  Psyche (D:8)
  2 unseen horrors
  4 rime drakes
  11 polar bears
  3 trolls
  A hornet (D:8)
  19 blink frogs
  2 raiju (Lair:6)
  4 slime creatures (D:12)
  Prince Ribbit (D:8)
  2 dream sheep (Lair:6)
  A wraith (D:7)
  7 wyverns
  40 yaks
  A shadow (D:11)
  A vampire (D:12)
  Grum (D:11)
  4 basilisks
  A steam dragon (D:8)
  2 vampire mosquitoes (D:12)
  3 nagas (Lair:3)
  2 acid dragons
  5 wargs
  13 water moccasins
  19 hell hounds
  7 orc warriors
  A sky beast (D:7)
  11 black bears (Lair:6)
  2 hornet zombies
  An ogre (Orc:1)
  2 centaurs
  10 necrophages
  52 wolves
  A phantom (D:6)
  2 kobold brigands
  9 bullfrogs
  A scorpion (D:4)
  A water moccasin skeleton (D:5)
  4 killer bees (D:8)
  A jelly (D:7)
  2 howler monkeys (D:10)
  A bullfrog zombie (D:7)
  A centaur zombie (D:8)
  2 bullfrog skeletons
  3 hounds
  10 orc priests
  2 centaur skeletons (D:6)
  8 iguanas (Lair:1)
  15 orc wizards
  A scorpion zombie (D:4)
  6 hell rats
  2 killer bee zombies (D:7)
  A howler monkey zombie (D:8)
  A mummy (D:7)
  6 adders
  11 gnolls
  A howler monkey skeleton (D:6)
  4 river rats (D:9)
  A shadow imp (D:8)
  2 white imps
  An ufetubus (D:5)
  An adder zombie (D:4)
  3 worms
  4 dart slugs
  58 orcs
  5 bats
  7 endoplasms
  3 giant cockroaches
  6 goblins
  11 hobgoblins
  9 jackals
  6 quokkas
  7 ball pythons
  A frilled lizard (D:3)
  2 hobgoblin zombies (D:7)
  9 kobolds
  5 rats
  A bush (D:4)
575 creatures vanquished.

Vanquished Creatures (others)
  A wizard (D:11)
  2 orcs (D:12)
  2 kobolds (D:8)
  25 fungi
  65 plants
95 creatures vanquished.

Grand Total: 670 creatures vanquished
